[Event "Late-Titled-Tuesday-Blitz-March-05-2024"]
[Site "Chess.com"]
[Date "2024.03.05"]
[Round "7"]
[White "Pachonpower"]
[Black "Akhayan"]
[Result "1-0"]
[WhiteElo "2302"]
[BlackElo "2382"]
[TimeControl "180+1"]
[EndTime "15:13:49 PST"]
[Termination "Pachonpower won by resignation"]

1. e4 c5 2. d4 cxd4 3. c3 dxc3 4. Nxc3 e6 5. Nf3 d6 6. Bc4 Nf6 7. O-O Be7 8. Re1 O-O 9. Bg5 h6 10. Bh4 Nc6 11. Rc1 Bd7 12. Qe2 a6 13. Rcd1 Qc7 14.
a3 Ne5 15. Nxe5 dxe5 16. Ba2 Bc6 17. g4 Nh7 18. Bg3 Rad8 19. Qc4 Ng5 20. Kg2 Bf6 21. h4 Nh7 22. Nd5 exd5 23. exd5 Bxd5+ 24. Rxd5 Qxc4 25. Bxc4 Rxd5 26. Bxd5 Rd8 27. Bxb7 Rb8 28. Bxa6 Rxb2 29. a4 Ra2 30. Bb5 Nf8 31. Rd1 Ne6 32.
Rd7 Nd4 33. Bc4 Rxa4 34. Bxf7+ Kf8 35. Bd5 Ra5 36. Be4 Ra2 37. Bg6 Ra5 38. Rf7+ Kg8 39.
Rb7 Rc5 40. Rb8+ 1-0

[Event "Late-Titled-Tuesday-Blitz-March-05-2024"]
[Site "Chess.com"]
[Date "2024.03.05"]
[Round "7"]
[White "zano2023"]
[Black "GoValya"]
[Result "0-1"]
[WhiteElo "2107"]
[BlackElo "2239"]
[TimeControl "180+1"]
[EndTime "15:13:50 PST"]
[Termination "GoValya won by resignation"]

1. d4 Nf6 2. Nd2 d5 3. Ngf3 g6 4. e3 Bg7 5. Bd3 O-O 6. O-O b6 7. Qe2 c5 8. c3 Nc6 9. dxc5 bxc5 10. e4 d4 11. e5 Nd5 12. cxd4 cxd4 13. Be4 e6 14.
Qc4 Nxe5 15. Nxe5 Bxe5 16. Nf3 Bg7 17. Nxd4 Nb6 18. Qe2 Qxd4 19. Bxa8 Nxa8 20. Be3 Qa4 21. b3 Qa5 22. Rac1 Ba6 23. Rc4 Bxc4 24. Qxc4 Nb6 25. Qe2 Nd5 26. Bg5 Nc3 27. Qe3 Qxa2 28. Bh6 Bxh6 29.
Qxh6 Qxb3 30. h4 Ne2+ 31. Kh1 Qd5 32. Re1 Nc3 33. Re3 Nd1 34. Rf3 a5 35. Qc1 a4 36.
Qc2 Ra8 37. Rd3 Nxf2+ 38. Qxf2 Qxd3 0-1

[Event "Late-Titled-Tuesday-Blitz-March-05-2024"]
[Site "Chess.com"]
[Date "2024.03.05"]
[Round "7"]
[White "LikeWater"]
[Black "Shahdad2007"]
[Result "0-1"]
[WhiteElo "2685"]
[BlackElo "2584"]
[TimeControl "180+1"]
[EndTime "15:13:52 PST"]
[Termination "Shahdad2007 won by resignation"]

1. e4 c5 2. Nf3 e6 3. g3 Nc6 4. d3 g6 5. d4 cxd4 6. Nxd4 Nf6 7. Bg2 Bg7 8. Nb5 O-O 9. N1c3 a6 10. Nd6 Ne8 11. Bf4 Ne5 12. O-O b5 13. Nxe8 Rxe8 14. a4 Bb7 15. axb5 axb5 16. Nxb5 Rxa1 17. Qxa1 g5 18.
Bxg5 Qxg5 19. f4 Nf3+ 20. Rxf3 Qxb5 21. Rb3 Qc5+ 22. Kh1 Bc6 23. Qf1 Qxc2 24. Re3 Qxb2 25. f5 Bd4 26. Re1 Qf2 27. Qxf2 Bxf2 28. Rf1 Bd4 29.
f6 Ra8 30. g4 Ra1 31. Rxa1 Bxa1 32. g5 h6 33. h4 hxg5 34. hxg5 Be5 35. Bf3 Bf4 36.
g6 fxg6 37. Kg2 Kf7 38. Kh3 Be5 39. Kg4 Kxf6 0-1

[Event "Late-Titled-Tuesday-Blitz-March-05-2024"]
[Site "Chess.com"]
[Date "2024.03.05"]
[Round "7"]
[White "hell3raiser"]
[Black "Ajedrez_con_German"]
[Result "0-1"]
[WhiteElo "2405"]
[BlackElo "2577"]
[TimeControl "180+1"]
[EndTime "15:13:53 PST"]
[Termination "Ajedrez_con_German won by resignation"]

1. e4 e5 2. Nf3 d6 3. d4 exd4 4.
Qxd4 Nf6 5. Nc3 Nc6 6. Bb5 Bd7 7.
Bxc6 Bxc6 8. Bf4 Be7 9. O-O-O O-O 10. Rhe1 Nd7 11. Nd5 Bf6 12. Nxf6+ Qxf6 13. Qxf6 Nxf6 14. e5 Bxf3 15. gxf3 Nh5 16. Bg3 Nxg3 17. fxg3 dxe5 18. Rxe5 Rfe8 19. Rxe8+ Rxe8 20. Rd7 Rc8 21. Kd2 Kf8 22. f4 Ke8 23. Rd3 Ke7 24. Ke3 a5 25. a4 Ra8 26. Rd5 b6 27. b3 c6 28. Rd2 Ke6 29.
Ke4 f5+ 30. Ke3 b5 31. Rd3 bxa4 32. bxa4 Rb8 33. Rc3 Kd5 34. Rd3+ Kc5 35. Rc3+ Kd6 36. Kd4 Re8 37. Re3 Rxe3 38. Kxe3 Kc5 0-1

[Event "Late-Titled-Tuesday-Blitz-March-05-2024"]
[Site "Chess.com"]
[Date "2024.03.05"]
[Round "7"]
[White "GrotBchess"]
[Black "rionelG"]
[Result "1-0"]
[WhiteElo "2388"]
[BlackElo "2221"]
[TimeControl "180+1"]
[EndTime "15:13:57 PST"]
[Termination "GrotBchess won on time"]

1. e4 c5 2. Nf3 d6 3. Bb5+ Nd7 4.
c3 a6 5. Ba4 e6 6. O-O b5 7. Bc2 g5 8. d4 g4 9. Ne1 h5 10. a4 Rb8 11. axb5 axb5 12. Nd2 Bg7 13. Nb3 cxd4 14. Nxd4 Qc7 15. Bf4 Ne5 16. Nd3 Ne7 17.
Bxe5 dxe5 18. Ne2 Ng6 19. Qd2 O-O 20. Qg5 Bb7 21. Ng3 h4 22. Nh5 Bxe4 23. Nxg7 Kxg7 24.
Qxg4 Bf5 25. Qe2 e4 26. Ne1 Qf4 27. Qe3 Qg4 28. h3 Qh5 29. Bxe4 Rbd8 30. Bxf5 Qxf5 31. Qf3 Qg5 32. Ra7 Rd5 33. Nc2 Rf5 34. Qe3 Nf4 35.
Ne1 Re5 36. Qf3 Ne2+ 37. Kh1 Nf4 38. Qg4 Qxg4 39. hxg4 Ng6 40. Nf3 Re4 41. g5 Rg4 42. Ra5 Rf4 43. Rxb5 h3 44. Kg1 hxg2 45. Kxg2 e5 46.
Nxe5 Rf5 47. Nxg6 1-0

[Event "Late-Titled-Tuesday-Blitz-March-05-2024"]
[Site "Chess.com"]
[Date "2024.03.05"]
[Round "7"]
[White "santosalberto1987"]
[Black "TheBigBoss04"]
[Result "0-1"]
[WhiteElo "2546"]
[BlackElo "2688"]
[TimeControl "180+1"]
[EndTime "15:13:58 PST"]
[Termination "TheBigBoss04 won by resignation"]

1. e4 c5 2. Nf3 d6 3. Bb5+ Nc6 4.
O-O Bd7 5. Re1 Nf6 6. c3 a6 7.
Bf1 Bg4 8. h3 Bxf3 9. Qxf3 g6 10. Qd1 Qb6 11. Na3 Bg7 12. Nc4 Qd8 13. a4 Nd7 14. d3 O-O 15. Be3 b5 16. axb5 axb5 17.
Nd2 b4 18. Qc2 Qb6 19. Nc4 Qb7 20. f4 Rfb8 21. Qd2 bxc3 22. bxc3 Qb3 23. d4 Nf6 24. Bd3 Rxa1 25. Rxa1 Nxe4 26. Bxe4 Qxc4 27. Bxc6 cxd4 28. Bxd4 Qxc6 29. Bxg7 Kxg7 30. Qd4+ Kg8 31. Ra7 Rb2 0-1

[Event "Late-Titled-Tuesday-Blitz-March-05-2024"]
[Site "Chess.com"]
[Date "2024.03.05"]
[Round "7"]
[White "Arystanner"]
[Black "Fh2411"]
[Result "1-0"]
[WhiteElo "2872"]
[BlackElo "2647"]
[TimeControl "180+1"]
[EndTime "15:13:59 PST"]
[Termination "Arystanner won on time"]

1. d4 d5 2. c4 c6 3. Nf3 Nf6 4. Nc3 dxc4 5. e4 b5 6. Be2 e6 7. O-O Bb7 8. a4 a6 9. Bg5 h6 10. Bh4 g5 11. Bg3 Nbd7 12. h4 Nh5 13. Bh2 Nf4 14.
d5 Bc5 15. dxe6 fxe6 16. e5 Nxe2+ 17. Qxe2 g4 18. Nd2 Qxh4 19. Nce4 O-O-O 20. Bg3 Qh5 21. Nd6+ Kc7 22. axb5 cxb5 23. Nxb7 Kxb7 24. Qe4+ Kb6 25. Rxa6+ Kxa6 26. Qc6+ Ka5 27. Nxc4+ 1-0

[Event "Late-Titled-Tuesday-Blitz-March-05-2024"]
[Site "Chess.com"]
[Date "2024.03.05"]
[Round "7"]
[White "jactorres"]
[Black "PNEPaul"]
[Result "0-1"]
[WhiteElo "2232"]
[BlackElo "1940"]
[TimeControl "180+1"]
[EndTime "15:14:00 PST"]
[Termination "PNEPaul won by checkmate"]

1. e4 e5 2. Nf3 Nc6 3. Bc4 Be7 4. c3 Nf6 5. d3 O-O 6. O-O d6 7. Nbd2 Be6 8. Re1 Bxc4 9. Nxc4 Qd7 10. Ne3 d5 11.
Qc2 dxe4 12. dxe4 Rae8 13. Bd2 h6 14. Rad1 Qc8 15. Nf5 Bd6 16. N3h4 Kh7 17. Qd3 Ng8 18. Qg3 g6 19. Ne3 Nce7 20. Nf3 f5 21. exf5 Nxf5 22. Nxf5 Qxf5 23. Bc1 Nf6 24. Qh4 Ng8 25. Ng5+ Kg7 26. Nf3 g5 27. Qc4 Qf7 28. Qd3 Qg6 29. Qe2 e4 30. Nd2 Qf5 31. Rf1 Qe5 32. Nc4 Qxh2# 0-1

[Event "Late-Titled-Tuesday-Blitz-March-05-2024"]
[Site "Chess.com"]
[Date "2024.03.05"]
[Round "7"]
[White "Ducke13"]
[Black "andrzej"]
[Result "1-0"]
[WhiteElo "2399"]
[BlackElo "2482"]
[TimeControl "180+1"]
[EndTime "15:14:01 PST"]
[Termination "Ducke13 won by resignation"]

1. Nf3 d5 2. e3 Nf6 3. c4 e6 4.
Nc3 Nbd7 5. b3 Bd6 6. Bb2 O-O 7.
Qc2 a6 8. Rg1 dxc4 9. bxc4 b5 10. cxb5 e5 11. g4 e4 12. Nxe4 Bb7 13. Nxd6 Bxf3 14.
g5 cxd6 15. gxf6 Nxf6 16. Qf5 Be4 17. Rxg7+ Kxg7 18. Qxe4 Re8 19. Qf5 Re6 20. Bd3 Rc8 21.
bxa6 Rc5 22. Qxh7+ Kf8 23. Qh8+ Ke7 24. Qxd8+ Kxd8 25.
Bd4 Ra5 26. Bb6+ 1-0

[Event "Late-Titled-Tuesday-Blitz-March-05-2024"]
[Site "Chess.com"]
[Date "2024.03.05"]
[Round "7"]
[White "cristiano78"]
[Black "NtcPou"]
[Result "0-1"]
[WhiteElo "2277"]
[BlackElo "2031"]
[TimeControl "180+1"]
[EndTime "15:14:03 PST"]
[Termination "NtcPou won on time"]

1. d4 d5 2. c4 c6 3. Nf3 Nf6 4. Nc3 a6 5. Bg5 Ne4 6. Bd2 Nxd2 7. Qxd2 Bf5 8. e3 e6 9. Be2 Be7 10. O-O O-O 11. a3 Nd7 12. Rfc1 Bf6 13. b4 b5 14. cxd5 cxd5 15. Nd1 Nb6 16. Nb2 Nc4 17. Nxc4 dxc4 18. a4 Qd5 19. Ra3 Rfb8 20. Rca1 h6 21. Qc3 Be7 22. Nd2 a5 23. Bf3 axb4 24. Qc1 Qd8 25. Bxa8 bxa3 26. Bf3 b4 27. Nxc4 Rc8 28. Be2 b3 29.
Qc3 b2 30. Rd1 b1=Q 31. Rxb1 Bxb1 32. h3 a2 33. Qb2 Rb8 34. Qa1 Qc7 35. Nd2 Qc2 0-1

[Event "Late-Titled-Tuesday-Blitz-March-05-2024"]
[Site "Chess.com"]
[Date "2024.03.05"]
[Round "7"]
[White "alexrustemov"]
[Black "Smoking_Crow"]
[Result "1-0"]
[WhiteElo "2802"]
[BlackElo "2617"]
[TimeControl "180+1"]
[EndTime "15:14:04 PST"]
[Termination "alexrustemov won by resignation"]

1. d4 Nf6 2. c4 e6 3. Nf3 d5 4.
Nc3 Bb4 5. Bg5 dxc4 6. e4 c5 7. Bxc4 cxd4 8. Nxd4 Qa5 9. Bxf6 Bxc3+ 10. bxc3 Qxc3+ 11. Kf1 gxf6 12. Rc1 Qa5 13. h4 Nc6 14. Nxc6 bxc6 15.
Rh3 Ke7 16. Rd3 Rd8 17. Rxd8 Qxd8 18. Qf3 Qd4 19. Kg1 Rb8 20. Qa3+ Ke8 21. Bf1 Rb2 22. Qf3 Bb7 23. Rd1 Rd2 24. Rxd2 Qxd2 25. Qxf6 Qxa2 26. Qh8+ Ke7 27. Qxh7 Qa1 28. Qh5 Ba6 29. Qc5+ Kd7 30. Qxa7+ Kd6 31. Qxa6 Qd4 32. Qd3 Ke5 33. Qxd4+ Kxd4 1-0

[Event "Late-Titled-Tuesday-Blitz-March-05-2024"]
[Site "Chess.com"]
[Date "2024.03.05"]
[Round "7"]
[White "traack"]
[Black "Teidi96"]
[Result "1-0"]
[WhiteElo "2436"]
[BlackElo "2313"]
[TimeControl "180+1"]
[EndTime "15:14:04 PST"]
[Termination "traack won by resignation"]

1. e4 c5 2. Nf3 e6 3. c3 Nf6 4.
e5 Nd5 5. d4 cxd4 6. cxd4 d6 7.
Bc4 Nc6 8. O-O Be7 9. Nc3 Nxc3 10. bxc3 dxe5 11. dxe5 Qxd1 12. Rxd1 Bd7 13. Bf4 O-O-O 14. Nd2 h6 15. Ne4 Na5 16. Be2 Bc6 17. Nd6+ Bxd6 18. exd6 b6 19. Bg4 Rd7 20. Be5 Rg8 21. h4 Bd5 22. h5 Nc4 23. Bg3 Kb7 24. Rxd5 exd5 25. Bxd7 Rd8 26. Bg4 Nxd6 27. Rd1 Ne4 28. c4 Nxg3 29.
fxg3 d4 30. Bf3+ Kc7 31. Bd5 Kd6 32. Rxd4 Kc5 33. Rf4 f6 34. Rg4 Rd7 35. Kf2 b5 36. Be6 Re7 37. Re4 a5 38. cxb5 a4 39. Kf3 a3 40.
Bb3 Rd7 41. Ra4 Rd3+ 42. Kf4 Rd2 43. Rxa3 Kxb5 44. Ra7 Rf2+ 45. Kg4 f5+ 46. Kh3 Rf1 47. Kh2 1-0

[Event "Late-Titled-Tuesday-Blitz-March-05-2024"]
[Site "Chess.com"]
[Date "2024.03.05"]
[Round "7"]
[White "annacramling"]
[Black "Walter_White_Poland"]
[Result "0-1"]
[WhiteElo "2083"]
[BlackElo "2362"]
[TimeControl "180+1"]
[EndTime "15:14:05 PST"]
[Termination "Walter_White_Poland won on time"]

1. d4 d5 2. c4 e6 3. Nc3 Nf6 4. cxd5 exd5 5. Bg5 c6 6. e3 Bf5 7. Qf3 Bg6 8. Bxf6 Qxf6 9. Qxf6 gxf6 10. h4 h5 11. Nh3 Nd7 12. Nf4 b5 13. Be2 Nb6 14. Rc1 Kd7 15. O-O Bd6 16. g3 a5 17. Kg2 a4 18. a3 Nc4 19. Bxc4 bxc4 20. Nxg6 fxg6 21. e4 Ra5 22. Rfe1 Rb8 23. Re2 Rb3 24. f3 Bf8 25. g4 Kd6 26. Rce1 Kd7 27. e5 fxe5 28. Rxe5 Rxb2+ 29. Kh3 Rb3 30. R1e3 Bd6 31. Rg5 Bf4 0-1

[Event "Late-Titled-Tuesday-Blitz-March-05-2024"]
[Site "Chess.com"]
[Date "2024.03.05"]
[Round "7"]
[White "northridgehawk"]
[Black "SergioMoralesG"]
[Result "1-0"]
[WhiteElo "2334"]
[BlackElo "2458"]
[TimeControl "180+1"]
[EndTime "15:14:07 PST"]
[Termination "northridgehawk won on time"]

1. e4 c5 2. Nf3 e6 3. d3 Nc6 4. Nbd2 g6 5. g3 Bg7 6. Bg2 Nge7 7. O-O O-O 8. h4 d5 9. Re1 e5 10. Nf1 a5 11. N1h2 b5 12. h5 b4 13. a3 Ba6 14.
axb4 axb4 15. h6 Bh8 16. Ng5 dxe4 17. Nxe4 Qb6 18. Be3 Nd4 19. c3 Ne6 20. Qb3 Rad8 21. c4 Nd4 22. Qa4 Bb7 23. Qa7 Qc6 24. Bg5 Ra8 25. Qxc5 Qxc5 26. Nxc5 Bxg2 27. Kxg2 f6 28. Be3 Nc2 29. Rxa8 Rxa8 30. Re2 Nxe3+ 31. fxe3 Nc6 32. Ng4 f5 33. Nf2 Kf7 34. Rd2 Bf6 35. Nb3 Bg5 36.
Kf3 Bxh6 37. Rd1 Bf8 38. d4 exd4 39. exd4 Ra2 40. Rd2 Bg7 41. Nh3 h6 42. Nf4 g5 43.
Nd5 h5 44. Ne3 Kg6 45. Nd1 Bh6 46. Rd3 g4+ 47. Ke2 Ra1 48. d5 Ne5 49. Rd4 h4 50. gxh4 f4 51. d6 f3+ 52. Kf2 1-0

[Event "Late-Titled-Tuesday-Blitz-March-05-2024"]
[Site "Chess.com"]
[Date "2024.03.05"]
[Round "7"]
[White "djano"]
[Black "Midgardsormur"]
[Result "1-0"]
[WhiteElo "2573"]
[BlackElo "2450"]
[TimeControl "180+1"]
[EndTime "15:14:08 PST"]
[Termination "djano won by checkmate"]

1. e4 c5 2. Nc3 Nc6 3. Bb5 Nd4 4. Nf3 g6 5. O-O Bg7 6. e5 a6 7. Bc4 b5 8. Bd5 Rb8 9. Re1 Nh6 10. d3 O-O 11. a3 Ng4 12. Bf4 Qc7 13. Nxd4 cxd4 14. Qxg4 dxc3 15. e6 d6 16. b4 fxe6 17. Bxe6+ Bxe6 18. Qxe6+ Kh8 19. Bg5 Bf6 20. Bh6 Rfe8 21. Re2 Qc8 22.
Qd5 Qg4 23. Rae1 Qh4 24. Be3 Be5 25. g3 Qh3 26. Ba7 Rbc8 27. Rxe5 dxe5 28. Qxe5+ Kg8 29. Bd4 Kf7 30. Qg7# 1-0

[Event "Late-Titled-Tuesday-Blitz-March-05-2024"]
[Site "Chess.com"]
[Date "2024.03.05"]
[Round "7"]
[White "DeTimmerman"]
[Black "sotochess"]
[Result "1-0"]
[WhiteElo "2753"]
[BlackElo "2580"]
[TimeControl "180+1"]
[EndTime "15:14:09 PST"]
[Termination "DeTimmerman won by checkmate"]

1. b4 e6 2. Bb2 Nf6 3. b5 c5 4. c4 d5 5. e3 b6 6. a4 Bb7 7. Nf3 Be7 8. Be2 O-O 9. O-O a6 10.
d4 axb5 11. axb5 Rxa1 12. Bxa1 Nbd7 13. Nbd2 Qa8 14. Bb2 Rd8 15. Qb3 cxd4 16. Bxd4 Nc5 17. Qb2 h6 18. Ra1 Qc8 19. cxd5 Bxd5 20. Ne5 Qb7 21.
Bf3 Bxf3 22. Ndxf3 Rd5 23. Nc6 Bf8 24. Ra7 Qc8 25.
Qa2 Nce4 26. Ne7+ Bxe7 27. Ra8 Qxa8 28. Qxa8+ Bf8 29. Qc6 Rd6 30. Qc7 Nd5 31. Qb8 f6 32.
g4 e5 33. Bb2 Kf7 34. Ba3 Nc5 35. Bxc5 bxc5 36. Nd2 Nb6 37. Ne4 Rd1+ 38. Kg2 Nd7 39. Qc7 Be7 40. b6 Ke8 41. b7 Rb1 42. Qc8+ Bd8 43. Nd6+ Ke7 44. Nf5+ Ke8 45. Nxg7+ Ke7 46. Nf5+ Ke8 47. Nxh6 c4 48. Qxc4 Rxb7 49. Qf7# 1-0

[Event "Late-Titled-Tuesday-Blitz-March-05-2024"]
[Site "Chess.com"]
[Date "2024.03.05"]
[Round "7"]
[White "TheCavemanChess"]
[Black "laziestwin"]
[Result "1-0"]
[WhiteElo "2738"]
[BlackElo "2586"]
[TimeControl "180+1"]
[EndTime "15:14:15 PST"]
[Termination "TheCavemanChess won by checkmate"]

1. e4 c5 2. Nf3 d6 3. d4 cxd4 4. Nxd4 Nf6 5. Nc3 a6 6. Bg5 Nbd7 7. Bc4 e6 8. f4 Qb6 9. Bb3 Nc5 10.
Bxf6 gxf6 11. Qf3 Be7 12. O-O-O Bd7 13. Kb1 O-O-O 14. f5 a5 15. Qh5 Rdf8 16. a4 Kb8 17. Rd2 Nxb3 18. cxb3 d5 19. fxe6 fxe6 20. exd5 e5 21.
Ndb5 Bb4 22. Rc1 f5 23. Qe2 e4 24. Ka2 Rhg8 25. d6 Qd8 26. Rdc2 Rg6 27. Qh5 Bxd6 28. Qxh7 Be5 29. Rd1 Rg7 30. Qh6 Qf6 31. Qe3 Bc6 32.
Qa7+ Kc8 33. Nd5 Bb8 34. Nb6# 1-0

[Event "Late-Titled-Tuesday-Blitz-March-05-2024"]
[Site "Chess.com"]
[Date "2024.03.05"]
[Round "7"]
[White "HaryKane"]
[Black "the_blue_pill"]
[Result "0-1"]
[WhiteElo "2579"]
[BlackElo "2430"]
[TimeControl "180+1"]
[EndTime "15:14:17 PST"]
[Termination "the_blue_pill won by resignation"]

1. c4 e6 2. e4 c5 3. Nc3 Nc6 4. g3 g6 5. Bg2 Bg7 6. Nge2 Nge7 7. O-O O-O 8. d3 d6 9. Be3 Nd4 10. Qd2 Re8 11. Bh6 Bh8 12. Nxd4 cxd4 13. Ne2 Rb8 14. f4 b5 15. b3 bxc4 16. bxc4 Qb6 17. Rac1 Qb4 18.
Rc2 Qxd2 19. Rxd2 Bd7 20. Rc1 Rec8 21. g4 Nc6 22. Ng3 Bf6 23. f5 e5 24. Rf1 Bh4 25.
fxg6 hxg6 26. Rdf2 Be6 27. Bc1 Nb4 28. Rf3 Rc7 29. Ba3 Bxg4 30. R3f2 Be6 31. Rb2 a5 32. Rfb1 Rcb7 33. Nf1 Bg5 34. Kf2 Nxd3+ 0-1

[Event "Late-Titled-Tuesday-Blitz-March-05-2024"]
[Site "Chess.com"]
[Date "2024.03.05"]
[Round "7"]
[White "Felix-Rose"]
[Black "janhelmer03"]
[Result "1-0"]
[WhiteElo "2302"]
[BlackElo "2388"]
[TimeControl "180+1"]
[EndTime "15:14:19 PST"]
[Termination "Felix-Rose won by resignation"]

1. e4 c5 2. Nf3 d6 3. d4 cxd4 4.
Nxd4 Nf6 5. Nc3 g6 6. Be3 Bg7 7. f3 O-O 8. Qd2 Nc6 9. O-O-O d5 10. Qe1 e5 11. Nxc6 bxc6 12. exd5 cxd5 13. Bg5 Qb6 14.
Bxf6 Bxf6 15. Nxd5 Bg5+ 16. Kb1 Qb8 17. h4 Bd8 18. h5 Be6 19. hxg6 hxg6 20. Bc4 Kg7 21. Qe3 g5 22. g4 Bf6 23. Nxf6 Kxf6 24. Rh6+ Ke7 25. Bxe6 f6 26. Bf5 1-0

[Event "Late-Titled-Tuesday-Blitz-March-05-2024"]
[Site "Chess.com"]
[Date "2024.03.05"]
[Round "7"]
[White "rickywsb"]
[Black "pooh2012"]
[Result "0-1"]
[WhiteElo "2363"]
[BlackElo "2537"]
[TimeControl "180+1"]
[EndTime "15:14:24 PST"]
[Termination "pooh2012 won by resignation"]

1. d4 Nf6 2. Bf4 e6 3. e3 c5 4. Nc3 a6 5. Nf3 b5 6. a4 b4 7. Na2 Nc6 8. Be2 d5 9. c4 bxc3 10. Nxc3 Be7 11. O-O cxd4 12. Nxd4 Bd7 13. Rc1 Nb4 14.
Bf3 O-O 15. e4 dxe4 16. Nxe4 Nfd5 17. Bg3 Qb6 18. Nc3 Bf6 19. Nb3 Rac8 20. a5 Qa7 21. Nxd5 Nxd5 22. Rxc8 Rxc8 23. Bxd5 exd5 24. Qxd5 Be6 25.
Qd3 Qb7 26. Rd1 Qxb3 27. Qd2 h5 28. h4 Rd8 0-1

[Event "Late-Titled-Tuesday-Blitz-March-05-2024"]
[Site "Chess.com"]
[Date "2024.03.05"]
[Round "7"]
[White "Bala-Afiada"]
[Black "giovannibrandao7"]
[Result "1/2-1/2"]
[WhiteElo "1877"]
[BlackElo "2208"]
[TimeControl "180+1"]
[EndTime "15:14:27 PST"]
[Termination "Game drawn by repetition"]

1. d4 Nf6 2. c4 e6 3. g3 d5 4. Bg2 Be7 5. Qc2 c6 6. Nf3 Ne4 7. Nbd2 f5 8. O-O O-O 9. b3 Nd7 10. a4 g5 11. Ba3 Bxa3 12. Rxa3 Qf6 13. e3 g4 14. Ne1 h5 15. Nd3 h4 16. Nf4 h3 17.
Bh1 Rf7 18. f3 Nxd2 19. Qxd2 dxc4 20. bxc4 e5 21. Nh5 Qg6 22. fxg4 fxg4 23. Rxf7 Qxf7 24. Qa5 Qxh5 25. Qd8+ Kf7 26. Ra2 Qg6 27. Rf2+ Kg7 28. Qe7+ Kg8 29. Qd8+ Kg7 30. Qe7+ Kg8 31. Qd8+ Kg7 1/2-1/2

[Event "Late-Titled-Tuesday-Blitz-March-05-2024"]
[Site "Chess.com"]
[Date "2024.03.05"]
[Round "7"]
[White "Zhigalko_Sergei"]
[Black "adricalderon8"]
[Result "1-0"]
[WhiteElo "2861"]
[BlackElo "2516"]
[TimeControl "180+1"]
[EndTime "15:14:28 PST"]
[Termination "Zhigalko_Sergei won by resignation"]

1. e4 c5 2. Nf3 Nc6 3. c3 Nf6 4. e5 Nd5 5. Bc4 Nb6 6. Bb3 d5 7. exd6 Qxd6 8. O-O Be6 9. Bxe6 Qxe6 10. a4 g6 11. a5 Nd7 12. a6 b6 13. Na3 Bg7 14. d4 cxd4 15. Nb5 Rc8 16. Re1 Nde5 17. Nxe5 Bxe5 18. Bf4 dxc3 19. Bxe5 Nxe5 20. Qd4 c2 21. Nxa7 Rd8 22. Qxe5 Qxe5 23. Rxe5 Rd1+ 24. Re1 Rxa1 25. Rxa1 O-O 26. Nc6 Kg7 27. a7 Rc8 28. Rc1 Rxc6 29. a8=Q Rd6 30. Qa1 1-0

[Event "Late-Titled-Tuesday-Blitz-March-05-2024"]
[Site "Chess.com"]
[Date "2024.03.05"]
[Round "7"]
[White "szachmistrz2500"]
[Black "finec2"]
[Result "1/2-1/2"]
[WhiteElo "2433"]
[BlackElo "2232"]
[TimeControl "180+1"]
[EndTime "15:14:28 PST"]
[Termination "Game drawn by repetition"]

1. e4 c5 2. Nf3 e6 3. d4 cxd4 4. Nxd4 Nc6 5. Nb5 d6 6. c4 Nf6 7.
N1c3 a6 8. Na3 Be7 9. Be2 O-O 10. O-O b6 11. Be3 Ne5 12. f3 Qc7 13. Rc1 Bb7 14. Qd2 Rfe8 15. Rfd1 Rad8 16. Bf1 Ned7 17. Qf2 Ba8 18. Nc2 Qb8 19. Nd4 d5 20. exd5 exd5 21. cxd5 Bc5 22. Nf5 Bxe3 23. Nxe3 Qe5 24. Re1 Nc5 25. b4 Ncd7 26. Bxa6 Qd4 27. a3 Ne5 28.
Nf5 Qf4 29. Ng3 Nxd5 30. Bb5 Re6 31. Rcd1 Red6 32. Re4 Qf6 33. Nxd5 Rxd5 34. Rxd5 Rxd5 35. Bf1 Rd8 36. Re1 h6 37. Ne4 Qf5 38. Qxb6 Rc8 39. Nd6 Nxf3+ 40. gxf3 Qxf3 41. Nxc8 Qh1+ 42. Kf2 Qf3+ 43.
Kg1 Qh1+ 44. Kf2 Qf3+ 45. Kg1 1/2-1/2

[Event "Late-Titled-Tuesday-Blitz-March-05-2024"]
[Site "Chess.com"]
[Date "2024.03.05"]
[Round "7"]
[White "Zadar321"]
[Black "GoltsevDmitry2000"]
[Result "1-0"]
[WhiteElo "2542"]
[BlackElo "2693"]
[TimeControl "180+1"]
[EndTime "15:14:31 PST"]
[Termination "Zadar321 won by checkmate"]

1. e4 e6 2. d4 d5 3. Nd2 c5 4. exd5 exd5 5. Ngf3 Nf6 6. Bb5+ Nc6 7. O-O Be7 8. dxc5 Bxc5 9. Re1+ Be6 10. Nb3 Bb6 11. Nbd4 O-O 12. Bxc6 bxc6 13. Nxc6 Qd6 14. Ncd4 Bg4 15.
Be3 Ne4 16. h3 Bh5 17. Nf5 Qf6 18. g4 Bg6 19. Qxd5 Bxe3 20. Qxe4 Rfe8 21. Qd3 Bb6 22. c3 h5 23. Rad1 hxg4 24. hxg4 Red8 25. Qb5 Rxd1 26. Rxd1 Rb8 27. Qe5 Bd8 28. Qxb8 Kh7 29. Rxd8 Bxf5 30. gxf5 g6 31. Qh2+ Kg7 32. Qh8# 1-0

[Event "Late-Titled-Tuesday-Blitz-March-05-2024"]
[Site "Chess.com"]
[Date "2024.03.05"]
[Round "7"]
[White "ritanovikova"]
[Black "Zq1"]
[Result "0-1"]
[WhiteElo "2208"]
[BlackElo "2574"]
[TimeControl "180+1"]
[EndTime "15:14:33 PST"]
[Termination "Zq1 won on time"]

1. e4 c5 2. Nc3 g6 3. d3 Bg7 4. Be3 d6 5. Qd2 Nc6 6. g3 h5 7. h4 Rb8 8. Bg2 b5 9. Nd1 Nh6 10. f3 b4 11. Nf2 a5 12. Rb1 a4 13. Ne2 Ba6 14. b3 f5 15. O-O Nd4 16. Nxd4 cxd4 17. Bg5 Nf7 18. Bf4 e5 19. exf5 gxf5 20. Rfe1 O-O 21.
Bg5 Nxg5 22. hxg5 f4 23. gxf4 Rxf4 24. Nh3 Rf5 25. bxa4 Qe7 26. Rxb4 Rbf8 27. Rxd4 Qa7 28. Kh1 Qxd4 29. Re4 Qb6 30. g6 Bb7 31. Rb4 Qa5 32. Ng1 Rf4 33. a3 Rxb4 34. axb4 Qd8 35. a5 Qh4+ 36. Nh3 Rxf3 37. Kh2 Qg3+ 0-1

[Event "Late-Titled-Tuesday-Blitz-March-05-2024"]
[Site "Chess.com"]
[Date "2024.03.05"]
[Round "7"]
[White "Slovineanu"]
[Black "fandebobbyfischer"]
[Result "0-1"]
[WhiteElo "2483"]
[BlackElo "2650"]
[TimeControl "180+1"]
[EndTime "15:14:34 PST"]
[Termination "fandebobbyfischer won by resignation"]

1. d4 Nf6 2. Nf3 e6 3. c4 b6 4. e3 Bb7 5. Bd3 Be7 6. O-O O-O 7. Nc3 d5 8. b3 c5 9. Bb2 Nc6 10.
Qe2 Rc8 11. Rad1 cxd4 12. exd4 dxc4 13. bxc4 Nb4 14. Bb1 Ba6 15. Ne5 Qc7 16. a3 Nc6 17.
Nb5 Bxb5 18. cxb5 Nxe5 19. dxe5 Nd5 20. Rd3 Qc4 21. Rh3 g6 22. Qd2 Qf4 23. Qd3 Rfd8 24. Rf3 Qg5 25. Qe4 Qd2 26. Ba1 Nc3 27. Bxc3 Rxc3 28.
Rxc3 Qxc3 29. Qb7 Bc5 30. Qxa7 Qb2 31. Be4 Qxf2+ 0-1

[Event "Late-Titled-Tuesday-Blitz-March-05-2024"]
[Site "Chess.com"]
[Date "2024.03.05"]
[Round "7"]
[White "mightysmasher"]
[Black "grzechu96"]
[Result "1/2-1/2"]
[WhiteElo "2599"]
[BlackElo "2733"]
[TimeControl "180+1"]
[EndTime "15:14:36 PST"]
[Termination "Game drawn - insufficient material"]

1. e4 c5 2. c3 Nf6 3. e5 Nd5 4. d4 cxd4 5. cxd4 d6 6. Nf3 Nc6 7. Bc4 e6 8. O-O Be7 9. Nc3 Nxc3 10. bxc3 dxe5 11. dxe5 Qxd1 12. Rxd1 Bd7 13. Be3 Na5 14. Be2 Bc6 15. Nd4 Bd5 16. Nb5 O-O 17. Nc7 Rad8 18.
Nxd5 Rxd5 19. Rxd5 exd5 20. Rd1 Rd8 21. Bxa7 Nc4 22. Bxc4 dxc4 23. Rxd8+ Bxd8 24. Kf1 Ba5 25. Bd4 Kf8 26. f4 g6 27. g4 Ke7 28. f5 Kd7 29. Ke2 Kc6 30. a4 Kd5 31. Ke3 Bd8 32.
h3 Bg5+ 33. Kf3 Bd8 34. Kf4 g5+ 35. Ke3 Bc7 36. e6 fxe6 37. f6 e5 38. Ba7 Ke6 39.
Ke4 Kxf6 40. Be3 Ke6 41. Bxg5 Ba5 42. Bd2 Bd8 43. g5 Ba5 44. h4 Bb6 45. h5 Ba5 46. h6 Kf7 47. Kxe5 Kg6 48. Kd4 Bd8 49. Kxc4 Bxg5 50.
Be1 Kxh6 51. Kb5 Be3 52. c4 Kg5 53. c5 h5 54. a5 Kg4 55. c6 bxc6+ 56. Kxc6 h4 57.
Bxh4 Kxh4 58. a6 Kg4 59. Kb7 Kf5 60. Kc6 Ke6 61. Kc7 Kd5 62. Kd7 Kc4 63. Kc6 Kb4 64. Kb7 Kb5 65. a7 Bxa7 1/2-1/2